 Seeded DCSS version 0.29.1-15-g9cfb28693d (webtiles) character file.

Game seed: 10165163451824931987 (custom seed)

16 Psyclone the Conjurer (level 2, 15/15 HPs)
             Began as a Deep Elf Conjurer on Sept 23, 2023.
             Quit the game on level 1 of the Dungeon.
             The game lasted 00:01:18 (393 turns).

Psyclone the Conjurer (Deep Elf Conjurer)            Turns: 393, Time: 00:01:18

Health: 15/15      AC:  2    Str:  4    XL:     2   Next: 41%
Magic:  8/8        EV: 12    Int: 22    God:
Gold:   819        SH:  0    Dex: 13    Spells: 7/8 levels left

rFire   . . .      SeeInvis .   (no weapon)
rCold   . . .      Faith    .   (no shield)
rNeg    . . .      Spirit   .   a - +0 robe
rPois   .          Reflect  .   (no helmet)
rElec   .          Harm     .   (no cloak)
rCorr   .          Rampage  .   (no gloves)
Will    .....                   (no boots)
Stlth   ++........              (no amulet)
HPRegen 0.05/turn               (no ring)
MPRegen 0.11/turn               (no ring)

@: no status effects
A: no striking features
a: no special abilities


You were on level 1 of the Dungeon.
You visited 1 branch of the dungeon, and saw 1 of its levels.

You collected 819 gold pieces.

Inventory:

Hand Weapons
 c - a +0 short sword
Armour
 a - a +0 robe (worn)
Jewellery
 g - an amulet of regeneration
Scrolls
 d - a scroll of teleportation {unknown}
 e - a scroll of vulnerability {unknown}
 f - a scroll of enchant weapon {unknown}
 h - a scroll of acquirement
 j - a scroll of butterflies {unknown}
 k - 2 scrolls of fear {unknown}
Potions
 b - a potion of magic
 i - a potion of flight {unknown}


   Skills:
 - Level 2.4 Dodging
 - Level 2.4 Stealth
 + Level 3.7 Spellcasting
 + Level 4.8 Conjurations


You had 7 spell levels left.
You knew the following spells:

 Your Spells              Type           Power      Damage    Failure   Level
a - Magic Dart            Conj           100%       1d8       1%          1

Your spell library contained the following spells:

 Spells                   Type           Power      Damage    Failure   Level
 Searing Ray              Conj           50%        2d6       2%          2
 Dazzling Flash           Conj/Hex       28%        N/A       13%         3
 Fulminant Prism          Conj/Hex       7%         3d7       38%         4
 Iskenderun's Mystic Bla  Conj/Tloc      14%        2d5       38%         4


Dungeon Overview and Level Annotations

Branches:
Dungeon (1/15) Zot: 5607

Altars:

Shops:
D:1 =


Message History

Unknown command.
Casting: Magic Dart (safe; 1% risk of failure)
Confirm with . or Enter, or press ? or * to list all spells.
You can't see any susceptible monsters within range! (Use Z to cast anyway.) Unknown command.
Casting: Magic Dart (safe; 1% risk of failure)
Confirm with . or Enter, or press ? or * to list all spells.
You can't see any susceptible monsters within range! (Use Z to cast anyway.) Unknown command.
j - a scroll labelled NUZAXTUAMY MP restored: 8 A kobold comes into view.
It is wielding a +0 short sword.
A kobold is nearby!
Unknown command.
Casting: Magic Dart (safe; 1% risk of failure)
Confirm with . or Enter, or press ? or * to list all spells.
Aiming: Magic Dart (safe; 1% risk of failure)
Press: ? - help, Shift-Dir - straight line, f - kobold
Aim: a kobold, wielding a +0 short sword (asleep, 100% to hit)
The magic dart hits the kobold.
You kill the kobold!
You now have 7/8 mp.
Casting: Magic Dart (safe; 1% risk of failure)
Confirm with . or Enter, or press ? or * to list all spells.
You can't see any susceptible monsters within range! (Use Z to cast anyway.) Unknown command.
Casting: Magic Dart (safe; 1% risk of failure)
Confirm with . or Enter, or press ? or * to list all spells.
You can't see any susceptible monsters within range! (Use Z to cast anyway.) Unknown command.
Casting: Magic Dart (safe; 1% risk of failure)
Confirm with . or Enter, or press ? or * to list all spells.
You can't see any susceptible monsters within range! (Use Z to cast anyway.) Unknown command.
Casting: Magic Dart (safe; 1% risk of failure)
Confirm with . or Enter, or press ? or * to list all spells.
You can't see any susceptible monsters within range! (Use Z to cast anyway.)
k - 2 scrolls labelled FAJOBR YSOTYUS MP restored: 8 Are you sure you want to abandon this character and quit the game? (Confirm with "yes".)

#.# #.# .# #.# #.# #.#
... #.# ###. .## #.# #..
.. #.#####.### #.#####.
#....).@..#######...#.).
#.......................
#...###.#......)...#'#..
#.. #)######.....+∩'.# #
#.# #.#####+### #.# #.#
#.# #.# #.. ..# ###


There were no monsters in sight!

Vanquished Creatures
  A ball python (D:1)
  2 endoplasms (D:1)
  A giant cockroach (D:1)
  4 goblins (D:1)
  3 hobgoblins (D:1)
  A bat (D:1)
  A kobold (D:1)
13 creatures vanquished.

Notes
Turn   | Place    | Note
-------+----------+-------------------------------------------
     0 | D:1      | Psyclone the Deep Elf Conjurer began the quest for the Orb.
     0 | D:1      | Reached XP level 1. HP: 10/10 MP: 6/6
    52 | D:1      | Identified a scroll of acquirement
    52 | D:1      | Acquired 787 gold pieces
   185 | D:1      | Reached XP level 2. HP: 15/15 MP: 4/8
   344 | D:1      | Found Imaonk's Jewellery Emporium.
   393 | D:1      | Quit the game

Illustrated notes

Levels and vault maps discovered:
D:1:      evilmike_arrival_fibonacci_small, layout_loops_ring, serial_shops,
          nicolae_shop_behind_doors, ebering_dispersal_statue_hall

Action                   || total
-------------------------++-------
 Cast: Magic Dart        ||    24
  Use: Scroll            ||     1
Armor: Robe              ||     1
